 Dungeon Crawl Stone Soup version 0.23.2-1-ga50397a (webtiles) character file.

Game seed: 188769808373711174

585 Wander the Sneak (level 7, -2/52 HPs)
             Began as a Human Wanderer on May 1, 2019.
             Slain by a quasit (3 damage)
             ... on level 6 of the Dungeon.
             The game lasted 00:20:02 (6830 turns).

Wander the Sneak (Human Wanderer)                   Turns: 6830, Time: 00:20:03

Health: -2/52      AC:  7    Str: 12      XL:     7   Next: 64%
Magic:  8/8        EV: 12    Int: 13      God:
Gold:   255        SH:  0    Dex: 12 (14) Spells: 7/8 levels left

rFire    . . .     SeeInvis .   v - +0 short sword (curse)
rCold    . . .     Gourm    .   (no shield)
rNeg     . . .     Faith    .   e - +0 robe
rPois    +         Spirit   .   (no helmet)
rElec    .         Reflect  .   t - +2 cloak
rCorr    .         Harm     .   k - +1 pair of gloves
MR       .....     Rnd*Tele +   (no boots)
Stlth    +++.......             (no amulet)
HPRegen  0.17/turn              l - ring of poison resistance
MPRegen  0.11/turn              r - ring of teleportation (curse)

@: no status effects
A: no striking features
a: no special abilities


You were on level 6 of the Dungeon.
You were very hungry.

You visited 1 branch of the dungeon, and saw 6 of its levels.

You collected 255 gold pieces.

Inventory:

Hand Weapons
 a - a +2 dagger
 b - a +0 hunting sling
 o - a +1 shortbow of flaming
 v - a cursed +0 short sword (weapon)
Missiles
 d - 51 bolts
 h - 107 stones (quivered)
 i - 39 poisoned needles
Armour
 e - a +0 robe (worn)
 k - a +1 pair of gloves (worn)
 t - a +2 cloak (worn)
Jewellery
 l - a ring of poison resistance (left hand)
 r - a cursed ring of teleportation (right hand)
Wands
 q - a wand of paralysis (14)
 x - a wand of digging (6)
Scrolls
 g - 2 scrolls of magic mapping
 j - 5 scrolls of identify
 m - a scroll of amnesia
 n - 3 scrolls of teleportation
 u - a scroll of noise
Potions
 c - a potion of haste
 p - 2 potions of ambrosia
 s - a potion of brilliance
 w - a potion of cancellation {unknown}
Comestibles
 f - 7 rations


   Skills:
 + Level 3.3 Fighting
 + Level 5.0 Short Blades
 + Level 1.8 Dodging
 + Level 5.9 Stealth
   Level 1.0 Shields
 - Level 1.0 Spellcasting
 - Level 2.0 Translocations


You had 7 spell levels left.
You knew the following spells:

 Your Spells              Type           Power        Failure   Level  Hunger
a - Apportation           Tloc           #.....       12%         1    ##.....

Your spell library contained the following spells:

 Spells                   Type           Power        Failure   Level  Hunger
 Corona                   Hex            #......      28%         1    ##.....
 Freeze                   Ice            #...         28%         1    ##.....
 Lesser Beckoning         Tloc           #.........   36%         3    ####...
 Ensorcelled Hibernation  Hex/Ice        #.....       38%         2    ###....
 Throw Frost              Conj/Ice       #.....       38%         2    ###....
 Confuse                  Hex            #.......     63%         3    ####...
 Dazzling Spray           Conj/Hex       #.....       63%         3    ####...
 Ozocubu's Armour         Chrm/Ice       #.......     63%         3    ####...
 Tukima's Dance           Hex            #.......     63%         3    ####...
 Summon Ice Beast         Ice/Summ       #.......     95%         4    #####..
 Throw Icicle             Conj/Ice       #.......     95%         4    #####..


Dungeon Overview and Level Annotations

Branches:
Dungeon (6/15)
 Temple: D:4-7

Altars:
Dithmenos
Gozag
Okawaru
Trog
The Shining One

Annotations:
D:3 1 runed translucent door, Crazy Yiuf


Message History

A quasit comes into view.
An orc priest and an orc wizard come into view.
The quasit gives a chilling moan.
The orc wizard shouts!
The orc priest shouts!
You hear a shout! x2
The quasit bites you.
* * * LOW HITPOINT WARNING * * *
You feel clumsy. The quasit claws you.
* * * LOW HITPOINT WARNING * * *
You feel clumsy. The quasit barely misses you.
An orc comes into view. It is wielding a +0 quarterstaff.
The quasit completely misses you. The quasit closely misses you.
The quasit claws you but does no damage.
You are feeling very hungry.
The orc priest mumbles some strange prayers to Beogh against you.
Beogh smites you!
* * * LOW HITPOINT WARNING * * *
The quasit bites you.
You die...

#.......>..###
#.............
#..........# ..
#.......>..# ..#
#..........# ...#
#####(##########
....######†# .......
#......<.#(# .......
#.#....@.#.# .......
#......5.#.###...#
...............?.#
###..>...............
##.........(#......
#.....##..........
#....o##......#.S.
#####........## ..
.###............# .


You could see an orc priest and a quasit.

Vanquished Creatures
  A centaur (D:6)
  2 scorpions
  A hound (D:6)
  An orc priest (D:4)
  A bullfrog skeleton (D:4)
  An iguana (D:4)
  3 worker ants (D:4)
  A hound skeleton (D:4)
  A worker ant zombie (D:5)
  3 gnolls
  A howler monkey skeleton (D:4)
  5 adders
  An ooze (D:1)
  An adder skeleton (D:6)
  2 worms
  2 dart slugs
  5 leopard geckos
  11 orcs
  4 ball pythons
  3 bats (D:3)
  3 giant cockroaches
  9 hobgoblins
  7 jackals
  3 quokkas
  2 frilled lizards
  6 goblins
  A jackal skeleton (D:5)
  10 kobolds
  A leopard gecko skeleton (D:4)
  6 rats
98 creatures vanquished.

Notes
Turn   | Place    | Note
-------+----------+-------------------------------------------
     0 | D:1      | Wander the Human Wanderer began the quest for the Orb.
     0 | D:1      | Wander set off with the following items: a +2 dagger, a
                  | potion of haste, a potion of curing, a +0 robe, a ration;
                  | and the following spell memorised: Apportation; and the
                  | following spells available to memorise: Lesser Beckoning
     0 | D:1      | Reached XP level 1. HP: 18/18 MP: 2/2
    81 | D:1      | Reached XP level 2. HP: 13/24 MP: 3/3
   264 | D:1      | Reached XP level 3. HP: 26/29 MP: 4/4
   651 | D:1      | You fall through a shaft!
   806 | D:2      | Found a faded altar of an unknown god.
  1027 | D:2      | Reached XP level 4. HP: 26/35 MP: 5/5
  1222 | D:2      | Reached skill level 1 in Short Blades
  2592 | D:3      | Found an opulent altar of Gozag.
  2677 | D:3      | Reached XP level 5. HP: 23/41 MP: 6/6
  4077 | D:3      | Found a runed translucent door.
  4078 | D:3      | Noticed Crazy Yiuf
  4570 | D:4      | Reached skill level 5 in Stealth
  4721 | D:4      | Found a bloodstained altar of Trog.
  4776 | D:4      | Reached XP level 6. HP: 26/47 MP: 7/7
  5130 | D:5      | Entered Level 5 of the Dungeon
  5648 | D:4      | Reached XP level 7. HP: 45/52 MP: 8/8
  5871 | D:4      | Found a shadowy altar of Dithmenos.
  5872 | D:4      | Found an iron altar of Okawaru.
  6237 | D:5      | Found a glowing golden altar of the Shining One.
  6765 | D:6      | Reached skill level 5 in Short Blades
  6829 | D:6      | HP: 1/52 [orc priest/divine providence (12)]
  6830 | D:6      | Slain by a quasit

Skill      XL: |  1  2  3  4  5  6  7 |
---------------+----------------------+-----
Stealth        | 3 4 5 |  5.9
Short Blades   | 1 2 4 5 |  5.0
Fighting       | |  3.3
Dodging        | |  1.8
Shields        | |  1.0
Spellcasting   | |  1.0
Translocations | |  2.0

Action                   |  1- 3 |  4- 6 |  7- 9 || total
-------------------------+-------+-------+-------++-------
Melee: Dagger            |    72 |   212 |       ||   284
       Short sword       |       |    84 |   144 ||   228
 Fire: Hunting sling     |       |    45 |       ||    45
  Use: Potion            |       |     8 |       ||     8
       Scroll            |       |     7 |     2 ||     9
 Stab: Sleeping          |     7 |     8 |     3 ||    18
  Eat: Chunk             |       |    15 |     3 ||    18
Armor: Robe              |    10 |    59 |    43 ||   112
Dodge: Dodged            |    33 |   183 |    72 ||   288
